 Dungeon Crawl Stone Soup version 0.27.1-3-gb3d3a73c9e (webtiles) character file.

Game seed: 15433137448697113788

82 ABBCCCDDDD the Sneak (level 4, -3/42 HPs)
             Began as a Deep Dwarf Delver on Oct 25, 2021.
             Killed from afar by an orc wizard (6 damage)
             ... with a magic dart
             ... on level 3 of the Dungeon.
             The game lasted 00:02:13 (374 turns).

ABBCCCDDDD the Sneak (Deep Dwarf Delver)             Turns: 374, Time: 00:02:14

Health: -3/42      AC:  8    Str: 17    XL:     4   Next: 21%
Magic:  4/4        EV:  7    Int: 10    God:
Gold:   35         SH:  0    Dex: 14    Spells: 3/3 levels left

rFire    . . .     SeeInvis .   a - +0 hand axe
rCold    . . .     Faith    .   (no shield)
rNeg     . . .     Spirit   .   i - +0 chain mail
rPois    .         Reflect  .   (no helmet)
rElec    .         Harm     .   (no cloak)
rCorr    .         Rampage  .   (no gloves)
Will     .....                  (no boots)
Stlth    ..........             (no amulet)
HPRegen  0.00/turn              (no ring)
MPRegen  0.09/turn              (no ring)

@: no status effects
A: damage resistance, heal wounds, sense surroundings 1, no regeneration
a: Heal Wounds


You were on level 3 of the Dungeon.
You visited 1 branch of the dungeon, and saw 4 of its levels.

You collected 35 gold pieces.

Inventory:

Hand Weapons
 a - a +0 hand axe (weapon)
Armour
 b - a +0 leather armour
 i - a +0 chain mail (worn)
Wands
 g - a wand of digging (3)
Scrolls
 c - a scroll of fog
 d - a scroll of magic mapping
 e - a scroll of fear
 h - a scroll of torment {unknown}
Potions
 f - a potion of haste


   Skills:
 + Level 3.4 Fighting
 * Level 4.2 Axes
 - Level 2.1 Dodging
 - Level 6.0 Stealth


You had 3 spell levels left.
You didn't know any spells.
Your spell library was empty.

Dungeon Overview and Level Annotations

Branches:
Dungeon (6/15)
 Temple: D:4-7

Altars:

Annotations:
D:5 exclusion: downstairs


Innate Abilities, Weirdness & Mutations

You are resistant to damage.
You can heal yourself by infusing magical energy.
You passively map a small area around you.
You do not regenerate.


Message History

The orc is lightly wounded.
The orc hits you with a +0 short sword.
You closely miss the orc.
The orc is lightly wounded.
You barely miss the orc. The orc hits you with a +0 mace.
The orc barely misses you.
You closely miss the orc.
The orc is lightly wounded.
You hit the orc but do no damage.
A bat comes into view.
The orc hits you but does no damage.
You hit the orc.
The orc is almost dead.
You hit the orc but do no damage. The orc hits you with a +0 mace.
* * * LOW HITPOINT WARNING * * *
The orc closely misses you.
An orc comes into view. It is wielding a +0 short sword.
You hit the orc.
You kill the orc!
You barely miss the orc. You hit the orc. The bat barely misses you.
The orc barely misses you.
The orc wizard casts a spell.
The orc wizard flickers and vanishes!
Deactivating autopickup; reactivate with Ctrl-A.
The orc hits you but does no damage.
You hit the orc.
You kill the orc!
You hit the orc but do no damage. The bat closely misses you.
The orc hits you with a +0 mace.
* * * LOW HITPOINT WARNING * * *
You closely miss the orc. The orc hits you with a +0 mace.
The bat hits you but does no damage.
You fail to use your ability.
The bat hits you but does no damage. The orc hits you with a +0 mace.
* * * LOW HITPOINT WARNING * * *
A hobgoblin comes into view.
You hear some strange, mumbled words.
A magic dart appears from out of thin air!
The magic dart hits you!
You die...

, * *..# .#
* .....#o.
.. * **
..#.#.# ...
#.#.#.#....
,
*...#.#....
#..o)..... *
#o{b...... *
,
**#@)...."g.
* , *
,,#.>#.....,
, , #### ...
,, , . * **
* * ** * *


You could see 2 orcs, a hobgoblin (wandering) and a bat.

Levels and vault maps discovered:
D:3:      layout_basic, mainiacjoe_overflow_six_doors_small,
          uniq_crazy_yiuf_cottage, uniq_grinder
D:4:      layout_loops_ring, kennysheep_nub, minmay_rat_hole, uniq_robin
D:5:      layout_rooms, ebering_ghost_sewer_f, uniq_prince_ribbit1
D:6:      layout_basic

Notes
Turn   | Place    | Note
-------+----------+-------------------------------------------
     0 | D:5      | ABBCCCDDDD the Deep Dwarf Delver began the quest for the
                  | Orb.
     0 | D:5      | Reached XP level 1. HP: 20/20 MP: 1/1
     1 | D:6      | Noticed a steam dragon
    65 | D:4      | Noticed a phantom
    84 | D:4      | Reached XP level 2. HP: 27/27 MP: 2/2
   213 | D:4      | Reached XP level 3. HP: 24/34 MP: 3/3
   299 | D:4      | Reached XP level 4. HP: 18/42 MP: 4/4
   374 | D:3      | Killed from afar by an orc wizard

Table legend: (Time is in decaauts)
 A = Elapsed time spent in this place.
 B = Non-inter-level travel time spent in this place.
 C = Inter-level travel time spent in this place.
 D = Time resting spent in this place.
 E = Time spent auto-exploring this place.
 F = Levels seen in this place.
 G = Mean time per level.
                   A        B        C        D        E       F      G
               +--------+--------+--------+--------+--------+-----+--------+
         Total |    389 |    389 |      0 |      0 |     52 |   4 |   97.2 |
       Dungeon |    389 |    389 |      0 |      0 |     52 |   4 |   97.2 |
               +--------+--------+--------+--------+--------+-----+--------+

Top non-repeatable levels by time:
     D:4: 352 daAuts
     D:5: 24 daAuts
     D:3: 10 daAuts
     D:6: 1 daAuts

Table legend:
 A = Kills in this place as a percentage of kills in entire the game.
 B = Kills by you in this place as a percentage of kills by you in the entire game.
 C = Kills by friends in this place as a percentage of kills by friends in the entire game.
 D = Other kills in this place as a percentage of other kills in the entire game.
 E = Experience gained in this place as a percentage of experience gained in the entire game.
 F = Experience gained in this place divided by the number of levels of this place that you have seen.
                   A       B       C       D       E      F
               +-------+-------+-------+-------+-------+----------------------
         Total | 100.0 | 100.0 |   N/A |   N/A | 100.0 |  29.5
       Dungeon | 100.0 | 100.0 |   N/A |   N/A | 100.0 |  29.5
               +-------+-------+-------+-------+-------+----------------------

Action                   |  1- 3 |  4- 6 || total
-------------------------+-------+-------++-------
Melee: Hand axe          |    79 |    30 ||   109
 Abil: Heal Wounds       |     4 |       ||     4
Armor: Leather armour    |    14 |       ||    14
       Chain mail        |     5 |    23 ||    28
Dodge: Dodged            |    83 |     9 ||    92

Vanquished Creatures
  An orc wizard (D:4)
  A hound skeleton (D:4)
  An adder (D:4)
  An ufetubus (D:4)
  11 orcs
  4 jackals (D:4)
  2 goblins (D:4)
  A kobold (D:4)
22 creatures vanquished.
